 Dungeon Crawl Stone Soup version 0.28-a0-1184-g53156a8862 (webtiles) character file.

Game seed: 2672181690885032813

58 frimble the Slasher (level 3, -12/27 HPs)
             Began as a Demonspawn Warper on Dec 18, 2021.
             Killed by divine providence
             ... invoked by an orc priest
              (14 damage)
             ... on level 3 of the Dungeon.
             The game lasted 00:01:54 (1795 turns).

frimble the Slasher (Demonspawn Warper)             Turns: 1795, Time: 00:01:54

Health: -12/27     AC:  7    Str: 11    XL:     3   Next: 75%
Magic:  6/6        EV: 11    Int: 16    God:
Gold:   56         SH:  9    Dex: 12    Spells: 4/6 levels left

rFire   . . .      SeeInvis .   a - +0 falchion
rCold   . . .      Faith    .   (no shield)
rNeg    . . .      Spirit   .   b - +0 leather armour
rPois   .          Reflect  +   (no helmet)
rElec   .          Harm     .   (no cloak)
rCorr   .          Rampage  .   (no gloves)
Will    .....                   (no boots)
Stlth   +.........              f - amulet of reflection
HPRegen 0.09/turn               g - +4 ring of protection
MPRegen 0.10/turn               (no ring)

@: no status effects
A: condensation shield
a: no special abilities


You were on level 3 of the Dungeon.
You visited 1 branch of the dungeon, and saw 3 of its levels.

You collected 56 gold pieces.

Inventory:

Hand Weapons
 a - a +0 falchion (weapon)
Missiles
 d - 5 boomerangs of dispersal (quivered)
 i - 24 poisoned darts
Armour
 b - a +0 leather armour (worn)
 j - a +0 kite shield
Jewellery
 f - an amulet of reflection (around neck)
 g - a +4 ring of protection (left hand)
 k - a +6 ring of dexterity
Scrolls
 c - a scroll of blinking
 e - a scroll of brand weapon {unknown}
 l - a scroll of fog {unknown}
Potions
 h - 2 potions of curing {unknown}


   Skills:
 - Level 2.0 Fighting
 + Level 3.8 Long Blades
 - Level 0.8 Throwing
 - Level 0.8 Armour
 - Level 1.7 Dodging
 - Level 2.0 Spellcasting
 - Level 2.6 Translocations


You had 4 spell levels left.
You knew the following spells:

 Your Spells              Type           Power      Damage    Failure   Level
a - Blink                 Tloc           20%        N/A       14%         2

Your spell library contained the following spells:

 Spells                   Type           Power      Damage    Failure   Level
 Gell's Gravitas          Tloc           10%        N/A       26%         3
 Lesser Beckoning         Tloc           10%        N/A       26%         3
 Teleport Other           Tloc           10%        N/A       26%         3
 Manifold Assault         Tloc           10%        N/A       94%         5


Dungeon Overview and Level Annotations

Branches:
Dungeon (3/15)

Altars:

Shops:
D:1 !   D:2 [

Annotations:
D:3 Pargi


Innate Abilities, Weirdness & Mutations

A meltable shield of frost defends you. (SH +4)


Message History

You block the orc's attack.
You hit the orc.
You kill the orc!
You barely miss the orc. The orc hits you but does no damage.
You hit the orc.
The orc is almost dead.
The orc hits you but does no damage.
An orc comes into view. It is wielding a +0 club.
The orc shouts!
You hit the orc.
You kill the orc!
Things that are here:
a +0 whip; a +0 club An orc comes into view.
It is wielding a +2 hand axe of electrocution.
An orc priest comes into view. It is wielding a +0 flail.
The orc priest shouts!
The orc shouts!
You hear a shout!
You hear an angry hiss.
Pargi the Meek comes into view.
The orc barely misses you.
The orc priest moves out of view.
You closely miss the orc. The orc barely misses you.
You hit the orc.
The orc is heavily wounded.
The orc priest begins to cast a cantrip, but forgets the words!
You block the orc's attack.
You hit the orc.
You kill the orc!
The orc hits you but does no damage.
There are monsters nearby!
The orc priest mumbles some strange prayers to Beogh against you.
Beogh smites you!
Things that are here:
a +0 whip; a +0 club The orc priest invokes the aid of Beogh against you.
Beogh smites you!
Ouch! That really hurt!
* * * LOW HITPOINT WARNING * * *
The orc priest invokes the aid of Beogh against you.
Beogh smites you!
Ouch! That really hurt!
You die...

#.##..... .........#......#
#....... .....#....#......
..... .. ..>.....#....
#.o##.####..#....#..##+##
#.....)...........<.†....
##T##.####..#....#..##.##
#)# ..................
#.###o#######...............
#......T..o@......†....##.##
#.###.##.####..#...###.# .#
.###.##.####..#...# #.# #
..................###.#
.######...............#
####.#..###.#####
#.#.........
#######.#..###.####
...................


You could see Pargi, an orc priest and an orc.

Vanquished Creatures
  A worm (D:2)
  A dart slug (D:1)
  3 orcs (D:3)
  2 bats
  An endoplasm (D:2)
  3 giant cockroaches
  3 hobgoblins
  6 kobolds
  5 quokkas
  7 ball pythons
  2 frilled lizards (D:1)
  8 goblins
  4 rats
46 creatures vanquished.

Notes
Turn   | Place    | Note
-------+----------+-------------------------------------------
     0 | D:1      | frimble the Demonspawn Warper began the quest for the Orb.
     0 | D:1      | Reached XP level 1. HP: 16/16 MP: 3/3
    42 | D:1      | Reached skill level 2 in Long Blades
   347 | D:1      | Gained mutation: A meltable shield of frost defends you.
                  | (SH +4) [demonic ancestry]
   347 | D:1      | Reached XP level 2. HP: 21/22 MP: 5/5
   360 | D:1      | Found Sanus's Distillery.
   558 | D:1      | Reached skill level 3 in Long Blades
   707 | D:1      | Found a faded altar of an unknown god.
   905 | D:2      | Reached XP level 3. HP: 26/27 MP: 6/6
   908 | D:2      | Learned a level 2 spell: Blink
  1582 | D:2      | Found Muriohuza's Armour Boutique.
  1783 | D:3      | Noticed Pargi
  1795 | D:3      | Killed from afar by an orc priest

Illustrated notes

Levels and vault maps discovered:
D:1:      dpeg_arrival_shrine, layout_basic, serial_shops, shop,
          ebering_ecumenical_altar_petrified
D:2:      minmay_wonky_spiral, layout_loops_corners, serial_shops, shop
D:3:      layout_basic, uniq_pargi, uniq_natasha, uniq_crazy_yiuf_cottage

Skill      XL: |  1  2 |
---------------+-------+-----
Long Blades    | 2 3 |  3.8
Fighting       | |  2.0
Throwing       | |  0.8
Armour         | |  0.8
Dodging        | |  1.7
Spellcasting   | |  2.0
Translocations | |  2.6

Action                   || total
-------------------------++-------
Melee: Falchion          ||   145
  Use: Scroll            ||     3
 Stab: Sleeping          ||     2
Armor: Leather armour    ||    42
Dodge: Dodged            ||    61
Block: Other             ||    67
       Reflection        ||     2

Table legend: (Time is in decaauts)
 A = Elapsed time spent in this place.
 B = Non-inter-level travel time spent in this place.
 C = Inter-level travel time spent in this place.
 D = Time resting spent in this place.
 E = Time spent auto-exploring this place.
 F = Levels seen in this place.
 G = Mean time per level.
                   A        B        C        D        E       F      G
               +--------+--------+--------+--------+--------+-----+--------+
         Total |   1817 |   1798 |     19 |      0 |   1432 |   3 |  605.7 |
       Dungeon |   1817 |   1798 |     19 |      0 |   1432 |   3 |  605.7 |
               +--------+--------+--------+--------+--------+-----+--------+

Top non-repeatable levels by time:
     D:1: 885 daAuts
     D:2: 855 daAuts
     D:3: 77 daAuts
